 Dungeon Crawl Stone Soup version 0.14-a0-59-gd5eeb80 (webtiles) character file.

386 JacquesDerrida the Archer (level 6, 0/35 HPs)
             Began as a Tengu Hunter on Sept 30, 2013.
             Slain by a gnoll
             ... wielding a +1,+0 spear
              (4 damage)
             ... on Level 3 of the Dungeon.
             The game lasted 00:07:13 (2817 turns).

JacquesDerrida the Archer (Tengu Hunter)            Turns: 2817, Time: 00:07:14

HP   0/35        AC  4     Str 12      XL: 6   Next: 34%
MP   7/7         EV 11     Int 13      God:
Gold 92          SH  0     Dex 15      Spells:  0 memorised,  5 levels left

Res.Fire  : + . .   See Invis. : .   b - +1 bow
Res.Cold  : + . .   Warding    : .   d - +0 leather armour
Life Prot.: . . .   Conserve   : .   (no shield)
Res.Poison: .       Res.Corr.  : .   (helmet restricted)
Res.Elec. : .       Clarity    : .   n - +0 orc cloak
Sust.Abil.: . .     Spirit.Shd : .   (no gloves)
Res.Mut.  : .       Stasis     : .   (boots unavailable)
Res.Rott. : .       Flight     : .   (no amulet)
Saprovore : . . .                    B - ring of protection from fire {unknown}
                                     q - ring of protection from cold {unknown}

@: slightly resistant to hostile enchantments, unstealthy
A: able to fly, beak, talons 3
a: Fly


You were on level 3 of the Dungeon.
You were not hungry.

You visited 1 branch of the dungeon, and saw 3 of its levels.

You collected 72 gold pieces.

Inventory:

Hand weapons
 a - a +2,+0 whip of holy wrath
 b - a +1,+1 bow (weapon)
Missiles
 c - 10 arrows (quivered)
Armour
 d - a +0 leather armour (worn)
 n - a +0 orcish cloak (worn)
Comestibles
 f - 2 bread rations
 k - a choko
 s - an apple
 t - a meat ration
 A - a pear
 C - a chunk of adder flesh
Scrolls
 e - a scroll of enchant weapon I
 g - 2 scrolls of enchant armour {unknown}
 h - 4 scrolls of recharging {unknown}
 l - a scroll of random uselessness {unknown}
 m - a scroll of magic mapping {unknown}
 p - a scroll of remove curse {unknown}
 r - 2 scrolls of teleportation {unknown}
 w - 2 scrolls of identify {unknown}
 x - a scroll of curse jewellery {unknown}
 y - a scroll of noise {unknown}
 D - a scroll of blinking {unknown}
Jewellery
 q - a ring of protection from cold (left hand) {unknown}
 B - a ring of protection from fire (right hand) {unknown}
Potions
 i - a potion of restore abilities {unknown}
 j - a potion of heal wounds {unknown}
 o - a potion of might {unknown}
 u - a potion of curing {unknown}
 v - a potion of poison {unknown}


   Skills:
 - Level 1.0 Fighting
 + Level 8.1 Bows
 - Level 2.1 Dodging
 - Level 1.0 Stealth


You had 5 spell levels left.
You didn't know any spells.

Dungeon Overview and Level Annotations

Branches:
Dungeon (3/27)

Altars:
Makhleb
Nemelex Xobeh


Innate Abilities, Weirdness & Mutations

You can fly.
You have a beak for a mouth.
You have claws for feet.


Message History

Firing (i - inventory):
c - 13 arrows (quivered)
Press: ? - help, Shift-Dir - straight line, f/p - gnoll
Aim: a gnoll, wielding a spear You shoot an arrow.
The arrow hits the gnoll.
The gnoll is heavily wounded.
The gnoll hits you from afar with a spear.
* * * LOW HITPOINT WARNING * * *
Firing (i - inventory):
c - 12 arrows (quivered)
Press: ? - help, Shift-Dir - straight line, f/p - gnoll
Aim: a gnoll, wielding a spear (heavily wounded)
You shoot an arrow. The arrow hits the gnoll.
The gnoll is heavily wounded.
The gnoll barely misses you.
Firing (i - inventory):
c - 11 arrows (quivered)
Press: ? - help, Shift-Dir - straight line, f/p - gnoll
Aim: a gnoll, wielding a spear (heavily wounded)
You shoot an arrow. The arrow hits the gnoll.
The gnoll is almost dead.
The gnoll hits you from afar with a spear.
You die...

#.# #. #.# #.
#.# # #.# #.#
#.# #.# #.#
#####@###
#..%.(..#
#...%.g.#
#......(##
#####....'
#...###
#...........#
...........#
...........#


You could see a gnoll.

Vanquished Creatures
  Sigmund (D:2)
  An orc priest (D:3)
  9 gnolls (D:3)
  3 adders
  3 giant geckos
  An ooze (D:2)
  6 orcs
  A ball python (D:1)
  2 giant cockroaches
  5 goblins
  15 hobgoblins
  7 kobolds
  7 bats
  4 giant newts
  3 jackals (D:3)
  3 rats
71 creatures vanquished.

Notes
Turn   | Place    | Note
--------------------------------------------------------------
     0 | D:1      | JacquesDerrida, the Tengu Hunter, began the quest for the Orb.
     0 | D:1      | Reached XP level 1. HP: 12/12 MP: 0/0
   416 | D:1      | Reached XP level 2. HP: 12/17 MP: 2/2
   538 | D:1      | Reached skill level 5 in Bows
  1113 | D:2      | Noticed Sigmund
  1124 | D:2      | Killed Sigmund
  1124 | D:2      | Reached skill level 6 in Bows
  1124 | D:2      | Reached XP level 3. HP: 13/21 MP: 3/3
  1124 | D:2      | Reached XP level 4. HP: 16/26 MP: 4/4
  1471 | D:2      | Found a sparkling altar of Nemelex Xobeh.
  1605 | D:2      | Reached XP level 5. HP: 30/30 MP: 6/6
  1684 | D:3      | Reached skill level 7 in Bows
  2172 | D:3      | Found a burning altar of Makhleb.
  2272 | D:3      | Reached XP level 6. HP: 19/35 MP: 7/7
  2554 | D:3      | Reached skill level 8 in Bows
  2817 | D:3      | Slain by a gnoll

Action                   |  1- 3 |  4- 6 || total
-------------------------+-------+-------++-------
Melee: Short sword       |    41 |    33 ||    74
       Whip              |       |    81 ||    81
 Fire: Bow               |     9 |    40 ||    49
  Use: Scroll            |       |     1 ||     1
 Stab: Sleeping          |     1 |       ||     1
